cohdb
Replays
Latest Replays
All Replays
Popular Replays
Top Player Replays
Match Explorer
How It Works
Community
CoH3 Stats
Reddit
Sign in to upload your games and track your stats! →
Sign in with Steam
Match 42342887
Unlisted
Match 42342887
Overview
Messages
Build Orders
End
Royal Engineer Section
Construct Section Command Post
Selects Canadian Shock Battlegroup
Dingo Light Scout Car
Infantry Section
Infantry Section
Construct Field Infirmary
Selects Attacking Spirit
Selects Canadian Shock Section
Canadian Shock Section
Selects Incendiary Munitions
Construct Platoon Command Post
Humber Armored Car
Selects Pyrotechnics
Canadian Shock Section
Construct Company Command Post
Infantry Training
Matilda II Heavy Tank
Crusader II Medium Tank
Canadian Shock Section
Selects Churchill Crocodile Heavy Tank
Crusader II Medium Tank
Crusader II Medium Tank
Armored Vehicle Training
Selects Smoke Operation
KCampos
Guderian ITA
0
0
Comments
sign in to comment!
No comments posted yet!